AoeStats
← Faranight78000

African Clearing

504774488Analyzed
2v2 RM · 27d ago on Sep 6, 2026· 46m 29s· 4 players
Game mode
Random Map
Map size
Medium (4 player)
Population
200
Speed
Normal
Resources
Standard
Victory
Conquest
Starting age
Dark Age
Ending age
Imperial Age
RankedLock teamsTeams togetherTeam positionsShared explorationLock speedFull tech treeHidden civsTurbo modeCheats
Victory
Defeat
🇧🇪 Maya · Belgium
985
+17
🇵🇾 Vietnamese · Paraguay
976
+18
🇫🇷 Celts · France
1031
-18
🇫🇷 Slavs · France
989
-17
WololoPy
3:09 Loom
15:06 Feudal Age
16:08 Double-Bit Axe
16:22 Gold Mining
20:55 Fletching
25:13 Castle Age
28:12 Padded Archer Armor
28:28 Bodkin Arrow
29:36 Crossbowman
Avdp
3:40 Loom
18:43 Feudal Age
19:09 Double-Bit Axe
26:51 Castle Age
24:55 Scale Mail Armor
25:06 Forging
26:56 Forging
27:10 Eagle Warrior
28:43 Chain Mail Armor
29:03 Iron Casting
30:42 Wheelbarrow
34:24 Hand Cart
34:52 Town Watch
35:11 Padded Archer Armor
35:02 Fletching
34:38 Pikeman
35:18 Squires
35:56 Town Patrol
36:47 Bodkin Arrow
37:21 Gold Mining
37:21 Stone Mining
39:17 Squires
39:02 Arson
41:52 Imperial Age
43:06 Holcans
41:59 Elite Eagle Warrior
43:12 Plate Mail Armor
43:43 Blast Furnace
Boeder
12:41 Loom
16:04 Feudal Age
20:42 Castle Age
19:11 Double-Bit Axe
19:40 Horse Collar
30:58 Scale Mail Armor
37:05 Wheelbarrow
36:45 Arson
37:23 Chain Mail Armor
38:17 Forging
41:43 Bow Saw
43:16 Iron Casting
Faranight78000
10:28 Loom
14:42 Feudal Age
15:21 Double-Bit Axe
17:20 Horse Collar
21:40 Wheelbarrow
22:13 Town Watch
27:18 Castle Age
25:57 Man-at-Arms
28:14 Squires
30:19 Town Patrol
30:35 Bow Saw
30:49 Long Swordsman
39:11 Scale Mail Armor
39:22 Forging
39:13 Padded Archer Armor
41:04 Hand Cart
41:00 Heavy Plow
42:59 Elite Skirmisher
Connection lost

Rejoining the realm…

Still unreachable

The connection could not be restored.

Session expired

The server has moved on; the page needs a fresh start.